 Dungeon Crawl Stone Soup version 0.27-a0-1342-ga99462a43c (webtiles) character file.

Game seed: 3920170053164973662

0 Gargoyl the Skirmisher (level 1, -10/23 HPs)
             Began as a Gnoll Abyssal Knight on June 27, 2021.
             Was a Follower of Lugonu.
             Mangled by a cyan very ugly thing (25 damage)
             ... on level 1 of the Abyss.
             The game lasted 00:00:27 (119 turns).

Gargoyl the Skirmisher (Gnoll Abyssal Knight)        Turns: 119, Time: 00:00:28

Health: -10/23     AC:  3    Str: 11      XL:     1   Next: 0%
Magic:  3/3        EV: 11    Int:  8 (11) God:    Lugonu [*.....]
Gold:   0          SH:  0    Dex: 11      Spells: 0/0 levels left

rFire    . . .     SeeInvis .   a - +1 hand axe
rCold    . . .     Faith    .   (no shield)
rNeg     . . .     Spirit   .   b - +0 leather armour
rPois    .         Reflect  .   (no helmet)
rElec    .         Harm     .   (no cloak)
rCorr    .         Rampage  .   (no gloves)
Will     .....                  (no boots)
Stlth    +.........             (no amulet)
HPRegen  0.07/turn              (no ring)
MPRegen  0.08/turn              (no ring)

@: confused
A: fangs 1, strong nose, distributed training
a: Renounce Religion, Depart the Abyss


You were on level 1 of the Abyss.
You worshipped Lugonu.
Lugonu was aware of your devotion.
You visited 0 branches of the dungeon, and saw 0 of its levels.
You visited the Abyss 1 time.

Inventory:

Hand Weapons
 a - a +1 hand axe (weapon)
Armour
 b - a +0 leather armour (worn)


   Skills:
 + Level 6.4 Fighting
 + Level 0.0 Short Blades
 + Level 0.0 Long Blades
 + Level 4.4 Axes
 + Level 0.0 Maces & Flails
 + Level 0.0 Polearms
 + Level 0.0 Staves
 + Level 0.0 Slings
 + Level 0.0 Bows
 + Level 0.0 Crossbows
 + Level 0.0 Throwing
 + Level 4.4 Armour
 + Level 2.3 Dodging
 + Level 0.0 Stealth
 + Level 0.0 Shields
 + Level 0.0 Unarmed Combat
 + Level 0.0 Spellcasting
 + Level 0.0 Conjurations
 + Level 0.0 Hexes
 + Level 0.0 Summonings
 + Level 0.0 Necromancy
 + Level 0.0 Translocations
 + Level 0.0 Transmutations
 + Level 0.0 Fire Magic
 + Level 0.0 Ice Magic
 + Level 0.0 Air Magic
 + Level 0.0 Earth Magic
 + Level 0.0 Poison Magic
 + Level 4.4 Invocations
 + Level 0.0 Evocations


You couldn't memorise any spells.
You didn't know any spells.
Your spell library was empty.

Dungeon Overview and Level Annotations

Branches:
Dungeon (0/15)

Altars:


Innate Abilities, Weirdness & Mutations

You have very sharp teeth.
Your uncanny sense of smell can sniff out nearby items.
Your experience applies equally to all skills.


Message History

Unknown command.
You see here 14 bolts.
c - a ruby potion
Found 22 arrows.
A ynoxinul comes into view.
A raiju comes into view.
The raiju barks!
The raiju bursts into living lightning!
The living lightning hits you!
The raiju blinks!
It was a potion of haste.
You feel yourself speed up.
A neqoxec comes into view.
The raiju bursts into living lightning!
The living lightning misses you.
The raiju blinks!
Unknown command.
The neqoxec shouts!
You hear two shouts!
Found 20 stones.
A chaos spawn comes into view.
The chaos spawn howls!
A large abomination comes into view.
The raiju bursts into living lightning!
The living lightning misses you.
The raiju blinks! x2
The neqoxec gestures at you.
You feel dopey. Something feeds on your intellect!
The raiju bites you but does no damage.
Found 10 gold pieces.
Your extra speed is starting to run out.
A tentacled starspawn comes into view.
A tentacle flies out from the starspawn's body!
A starspawn tentacle comes into view.
A great orb of eyes comes into view.
You feel yourself slow down.
A cyan very ugly thing comes into view.
The great orb of eyes gazes at you.
You are confused.
A hellephant comes into view.
The hellephant trumpets!
The cyan very ugly thing pecks you!!
Ouch! That really hurt!
You die...

. .## ## ###...
##.## #..... .
##...###......
.Y.#.....#...# ..#
........u....##..##
.#...@.#.....G...
#....##.#.X#....#
#.## ###.#..... ##
#.###.##...
#....##..
#..##.##.#
...##..#.§## ...
####≈.§# . ##≈≈≈..
#


You could see a hellephant and a cyan very ugly thing.

Vanquished Creatures (others)
  2 starspawn tentacles (Abyss:1)
2 creatures vanquished.

Notes
Turn   | Place    | Note
-------+----------+-------------------------------------------
     0 | Abyss:1  | Gargoyl the Gnoll Abyssal Knight began the quest for the
                  | Orb.
     0 | Abyss:1  | Reached XP level 1. HP: 23/23 MP: 3/3
    65 | Abyss:1  | Noticed a ynoxinul
    68 | Abyss:1  | Noticed a raiju
    73 | Abyss:1  | Noticed a neqoxec
    76 | Abyss:1  | Noticed a chaos spawn
    78 | Abyss:1  | Noticed a large abomination
   111 | Abyss:1  | Noticed a tentacled starspawn
   115 | Abyss:1  | Noticed a great orb of eyes
   115 | Abyss:1  | Noticed a cyan very ugly thing
   119 | Abyss:1  | Noticed a hellephant
   119 | Abyss:1  | Mangled by a cyan very ugly thing

Illustrated notes

Levels and vault maps discovered:
Abyss:1:  base: Temple, evilmike_abyss_exit_11, base: Temple, minivault_5,
          hangedman_illusive_loot, evilmike_abyss_exit_2

Action                   || total
-------------------------++-------
  Use: Potion            ||     1
Armor: Leather armour    ||     1
Dodge: Dodged            ||     2

Table legend: (Time is in decaauts)
 A = Elapsed time spent in this place.
 B = Non-inter-level travel time spent in this place.
 C = Inter-level travel time spent in this place.
 D = Time resting spent in this place.
 E = Time spent auto-exploring this place.
 F = Levels seen in this place.
 G = Mean time per level.
                   A        B        C        D        E       F      G
               +--------+--------+--------+--------+--------+-----+--------+
         Total |    105 |    105 |      0 |      0 |     64 |   1 |  105.0 |
         Abyss |    105 |    105 |      0 |      0 |     64 |   1 |  105.0 |
               +--------+--------+--------+--------+--------+-----+--------+

Top non-repeatable levels by time:
 Abyss:1: 105 daAuts
